 Dungeon Crawl Stone Soup version 0.29-a0-847-g24c0ca63c9 (webtiles) character file.

Game seed: 9758902274385037520

53 Malachi the Trooper (level 3, -10/31 HPs)
             Began as a Ghoul Fighter on July 16, 2022.
             Mangled by Sigmund
             ... wielding a +3 vorpal scythe
              (11 damage)
             ... on level 2 of the Dungeon.
             The game lasted 00:01:51 (1409 turns).

Malachi the Trooper (Ghoul Fighter)                 Turns: 1409, Time: 00:01:51

Health: -10/31     AC:  6    Str: 21    XL:     3   Next: 89%
Magic:  2/2        EV:  9    Int:  3    God:
Gold:   4          SH:  4    Dex:  8    Spells: 2/2 levels left

rFire   . . .      SeeInvis .   a - +0 flail
rCold   + . .      Faith    .   c - +0 buckler
rNeg    + + +      Spirit   .   b - +0 scale mail
rPois   ∞          Reflect  .   (no helmet)
rElec   .          Harm     .   (no cloak)
rCorr   .          Rampage  .   (no gloves)
Will    .....                   (no boots)
Stlth   ..........              (no amulet)
HPRegen 0.00/turn               (no ring)
MPRegen 0.08/turn               (no ring)

@: inhibited regen
A: claws 1, cold resistance 1, negative energy resistance 3, inhibited
regeneration, torment resistance 2, devour on kill
a: no special abilities


You were on level 2 of the Dungeon.
You visited 1 branch of the dungeon, and saw 2 of its levels.

You collected 32 gold pieces.
You spent 28 gold pieces at shops.

Inventory:

Hand Weapons
 a - a +0 flail (weapon)
Armour
 b - a +0 scale mail (worn)
 c - a +0 buckler (worn)
Wands
 j - a wand of acid (11)
Scrolls
 e - a scroll of silence
 g - a scroll of vulnerability
 h - a scroll of teleportation
 i - a scroll of immolation
 l - 3 scrolls of identify
Potions
 d - a potion of might
 f - a potion of haste
 k - a potion of lignification {unknown}


   Skills:
 - Level 3.4 Fighting
 * Level 3.3 Maces & Flails
 - Level 2.8 Armour
 - Level 2.8 Shields


You had 2 spell levels left.
You didn't know any spells.
Your spell library was empty.

Dungeon Overview and Level Annotations

Branches:
Dungeon (2/15)

Altars:

Shops:
D:1 ?

Annotations:
D:2 Sigmund


Innate Abilities, Weirdness & Mutations

You are immune to poison.
You have sharp fingernails.
Your flesh is cold resistant. (rC+)
You are immune to negative energy. (rN+++)
You do not regenerate when monsters are visible.
You are immune to unholy pain and torment.
You thrive by killing the living.


Message History

You are too injured to fight recklessly!
You are too injured to fight recklessly!
You are too injured to fight recklessly!
You are too injured to fight recklessly!
You are too injured to fight recklessly!
You are too injured to fight recklessly!
You are too injured to fight recklessly!
You are too injured to fight recklessly!
You are too injured to fight recklessly!
You are too injured to fight recklessly!
You are too injured to fight recklessly!
You are too injured to fight recklessly!
You are too injured to fight recklessly!
You are too injured to fight recklessly!
You are too injured to fight recklessly!
You are too injured to fight recklessly!
You are too injured to fight recklessly!
You are too injured to fight recklessly!
You are too injured to fight recklessly!
You are too injured to fight recklessly!
You are too injured to fight recklessly!
You are too injured to fight recklessly!
You are too injured to fight recklessly!
You are too injured to fight recklessly!
You are too injured to fight recklessly!
You are too injured to fight recklessly!
You are too injured to fight recklessly!
You are too injured to fight recklessly!
You are too injured to fight recklessly!
Unknown command.
You sock the hobgoblin!
You kill the hobgoblin!
You feel better.
The kobold throws a stone.
The stone closely misses you. Something hits you.
You closely miss something. Something hits you!
* * * LOW HITPOINT WARNING * * *
x2 You hit something.
Something hits you.
* * * LOW HITPOINT WARNING * * *
x2 You barely miss something.
Something hits you!
You die...

############.# #....#.#..........
......<....#.###.####.#.####.#...
........#..#...#.#....#......#...
........#........#.###########...
.............#.###.# #..#
.....##......#.# .# #...
##....########.# .# #...
##............w###.# ####
......######..K{@..# ......#
#.>..###### ....### #..K.# ....#
#....# ....# #..... ....# #......
....# #...... ....# #...... ....#
#.....w.


You could see a worm and a kobold.

Vanquished Creatures
  2 adders (D:2)
  A dart slug (D:2)
  3 ball pythons (D:1)
  4 bats
  5 endoplasms (D:1)
  A giant cockroach (D:1)
  3 goblins
  3 hobgoblins
  2 jackals (D:1)
  A quokka (D:2)
  A frilled lizard (D:1)
  5 kobolds
  A rat (D:2)
32 creatures vanquished.

Vanquished Creatures (others)
  9 plants (D:1)
9 creatures vanquished.

Grand Total: 41 creatures vanquished

Notes
Turn   | Place    | Note
-------+----------+-------------------------------------------
     0 | D:1      | Malachi the Ghoul Fighter began the quest for the Orb.
     0 | D:1      | Reached XP level 1. HP: 19/19 MP: 0/0
   116 | D:1      | Reached XP level 2. HP: 26/26 MP: 1/1
   590 | D:1      | Found Qanicsow's Magic Scroll Boutique.
   617 | D:1      | Bought a scroll of identify for 28 gold pieces
  1003 | D:1      | Reached XP level 3. HP: 31/31 MP: 2/2
  1391 | D:2      | Noticed Sigmund
  1408 | D:2      | HP: 1/31 [something (1)]
  1409 | D:2      | Mangled by Sigmund

Illustrated notes

Levels and vault maps discovered:
D:1:      matt_arrival_grand_opening, layout_basic, serial_bayou,
          serial_bayou_lagoon_a, serial_bayou_pond_e, serial_bayou_crossing,
          serial_bayou_shore_b, serial_shops, shop
D:2:      layout_basic, shapermc_ecumenical_altar_hornbeckon, uniq_sigmund

Skill      XL: |  1  2  3 |
---------------+----------+-----
Maces & Flails | 2 3 |  3.3
Fighting       | |  3.4
Armour         | |  2.8
Shields        | |  2.8

Action                   || total
-------------------------++-------
Melee: Flail             ||   115
  Use: Scroll            ||     5
Armor: Scale mail        ||    71
Dodge: Dodged            ||    61
Block: Buckler           ||    27

Table legend: (Time is in decaauts)
 A = Elapsed time spent in this place.
 B = Non-inter-level travel time spent in this place.
 C = Inter-level travel time spent in this place.
 D = Time resting spent in this place.
 E = Time spent auto-exploring this place.
 F = Levels seen in this place.
 G = Mean time per level.
                   A        B        C        D        E       F      G
               +--------+--------+--------+--------+--------+-----+--------+
         Total |   1459 |   1420 |     39 |    196 |    973 |   2 |  729.5 |
       Dungeon |   1459 |   1420 |     39 |    196 |    973 |   2 |  729.5 |
               +--------+--------+--------+--------+--------+-----+--------+

Top non-repeatable levels by time:
     D:1: 1189 daAuts
     D:2: 270 daAuts
